 Dungeon Crawl Stone Soup version 0.30.0-29-ga12c61a403 (webtiles) character file.

Game seed: 3309850656889684385

174 monsoonserge the Chiller (level 5, -3/36 HPs)
             Began as a Merfolk Ice Elementalist on June 14, 2023.
             Slain by a bullfrog (8 damage)
             ... in a sewer.
             The game lasted 00:13:26 (2319 turns).

monsoonserge the Chiller (Merfolk Ice Elementalist) Turns: 2319, Time: 00:13:28

Health: -3/36      AC:  2    Str:  8    XL:     5   Next: 54%
Magic:  0/8        EV: 15    Int: 17    God:
Gold:   65         SH:  0    Dex: 14    Spells: 4/9 levels left

rFire   . . .        g - +1 short sword
rCold   . . .        (no shield)
rNeg    . . .        e - +0 leather armour
rPois   .            o - +0 helmet
rElec   .            (no cloak)
rCorr   .            (no gloves)
SInv    +            p - melded +0 pair of boots
Will    .....        (no amulet)
Stlth   +++          (no ring)
HPRegen 0.26/turn    (no ring)
MPRegen 0.11/turn

%: no passive effects
@: weak-willed, hasted, very quick
A: nimble swimmer 2, mertail, see invisible, deformed body, no potion heal 1
a: no special abilities


You were in a sewer.
You visited 1 branch of the dungeon, and saw 3 of its levels.
You also visited: Sewer.

You collected 65 gold pieces.

Inventory:

Hand Weapons
 g - a +1 short sword (weapon)
Armour
 a - a +0 robe
 e - a +0 leather armour (worn)
 h - a +0 ring mail
 j - a +0 chain mail
 o - a +0 helmet (worn)
 p - a +0 pair of boots (melded)
Scrolls
 f - 4 scrolls of identify {unknown}
 k - a scroll of blinking
 l - a scroll of teleportation {unknown}
 m - a scroll of amnesia {unknown}
 n - a scroll of magic mapping {unknown}
Potions
 b - 2 potions of magic
 d - a potion of curing


   Skills:
 + Level 0.5 Fighting
 + Level 1.5 Short Blades
 * Level 1.6 Armour
 + Level 3.0 Dodging
 + Level 2.6 Stealth
 * Level 1.6 Unarmed Combat
 + Level 2.5 Spellcasting
 * Level 0.8 Transmutations
 + Level 5.2 Ice Magic


You had 4 spell levels left.
You knew the following spells:

 Your Spells              Type           Power      Damage    Failure   Level
a - Freeze                Ice            76%        1d8       3%          1
b - Frozen Ramparts       Ice            38%        1d6       9%          3
c - Beastly Appendage     Tmut           10%        N/A       19%         1

Your spell library contained the following spells:

 Spells                   Type           Power      Damage    Failure   Level
 Ozocubu's Armour         Ice            19%        N/A       9%          3
 Wereblood                Tmut           5%         N/A       26%         2
 Hailstorm                Conj/Ice       11%        3d5       26%         3
 Spider Form              Tmut/Pois      3%         N/A       54%         3
 Ice Form                 Ice/Tmut       12%        N/A       58%         4
 Summon Ice Beast         Ice/Summ       11%        N/A       65%         4
 Simulacrum               Ice/Necr       5%         N/A       100%        6


Dungeon Overview and Level Annotations

Branches:
Dungeon (3/15)              Sewer (1/1)

Altars:

Shops:
D:2 [

Annotations:
D:3 Grinder


Innate Abilities, Weirdness & Mutations

You are very nimble when in or above water. (Stealth+, EV+, Speed+++)
Your lower body shifts to a powerful aquatic tail in water.
You have supernaturally acute eyesight. (SInv)
Armour fits poorly on your strangely shaped body.
Potions are less effective at restoring your health.


Message History

Your Dodging skill increases to level 3!
You have reached level 5!
You feel clever.
Unknown command.
Casting: Frozen Ramparts (dangerous; 9% risk of failure)
Confirm with . or Enter, or press ? or * to list all spells.
Aiming: Freeze (safe; 3% risk of failure)
Press: ? - help, Shift-Dir - straight line, f - bullfrog
Aim: a bullfrog You freeze the bullfrog.
The bullfrog is lightly wounded.
The frozen ramparts melt away.
The bullfrog hits you.
* * * LOW HITPOINT WARNING * * *
You aren't carrying any items that you can evoke.
Press: ? - help, v - describe, . - travel, g - get item Item here: 2 potions of curing.
The floor.
Press: ? - help, v - describe, . - travel, g - get item Item here: a scroll of blinking.
The floor.
Blink to where?
Press: ? - help, Dir - move target, p - bullfrog Your legs become a tail as you dive into the water.
Your +0 pair of boots melds into your body.
Floosh!
As you read the scroll of blinking, it crumbles to dust.
As you read the scroll labelled AGURCH TEAPRIO, it crumbles to dust.
Magic quickly surges around you.
It was a scroll of vulnerability.
As you read the scroll labelled NEAKIX URA XEL, it crumbles to dust.
It is a scroll of enchant weapon.
Your +0 short sword glows red for a moment.
Casting: Freeze (safe; 3% risk of failure)
Confirm with . or Enter, or press ? or * to list all spells.
Aiming: Freeze (safe; 3% risk of failure)
Press: ? - help, Shift-Dir - straight line, f - bullfrog
Aim: a bullfrog (lightly wounded, weak-willed)
You freeze the bullfrog!
The bullfrog is heavily wounded.
The bullfrog hits you!
You die...

#~~##~†#≈~~.~~.†~..#~~~~~#
#..#~~##≈..?..~##..#~~~~~#
#..#~~#≈~.$$$~~.#.~#~~#†~#
#~~#~~#≈..??~~J†#.~#~~#.~#
#~~#~~#≈.~!.~J~~#~~##†#~~#
#.~#~~#≈≈~.~.~~≈#~~~#~#~~#
#~~#~~#≈≈~~~~~.≈#~.∩#~#..#
#..#..##≈≈~F.~≈##~.~#†#~~#
#†~##~~#≈≈@~~≈≈#.~###~#~~#
#..~#~~##≈≈.≈≈##~~#~~~#..#
##.~#~~.##≈≈≈##†~~#~~##.##
#.~##~~~#####~.~##~.#..#
#~.~#~..~~~.~~~~#~~~#.∩#
##~~##~~~...~~~##~~##..#
#~~~##~.~~~~~##~~~#~.##
#~~.~###~~~###~~~~#~~#
##~~...#####~~~†~##∩##


You could see a bullfrog (weak-willed) and 2 endoplasms.

Vanquished Creatures
  A bullfrog (Sewer)
  Natasha (D:3)
  An adder (Sewer)
  A worm (D:2)
  An orc (D:3)
  A bat zombie (D:2)
  7 endoplasms
  9 giant cockroaches
  A goblin (D:2)
  A hobgoblin (D:1)
  2 kobolds
  13 quokkas
  14 ball pythons
  5 bats
  12 frilled lizards
  A quokka zombie (D:2)
  3 rats
74 creatures vanquished.

Notes
Turn   | Place    | Note
-------+----------+-------------------------------------------
     0 | D:1      | monsoonserge the Merfolk Ice Elementalist began the quest
                  | for the Orb.
     0 | D:1      | Reached XP level 1. HP: 13/13 MP: 3/3
   271 | D:1      | Reached XP level 2. HP: 13/19 MP: 3/5
  1038 | D:2      | Reached skill level 1 in Armour
  1161 | D:2      | Reached XP level 3. HP: 22/24 MP: 4/6
  1249 | D:2      | Found a faded altar of an unknown god.
  1288 | D:2      | Learned a level 3 spell: Frozen Ramparts
  1349 | D:2      | Found Eshomnat's Armour Boutique.
  1655 | D:3      | Found a glowing drain.
  1665 | D:3      | Noticed Natasha
  1678 | D:3      | Killed Natasha
  1679 | D:3      | Reached skill level 5 in Ice Magic
  1679 | D:3      | Reached XP level 4. HP: 25/30 MP: 3/7
  1697 | D:3      | Noticed Grinder
  1700 | Sewer    | Entered a sewer
  1787 | Sewer    | Reached skill level 1 in Unarmed Combat
  2263 | Sewer    | Learned a level 1 spell: Beastly Appendage
  2303 | Sewer    | Noticed a bullfrog
  2305 | Sewer    | Noticed a bullfrog
  2314 | Sewer    | Gained mutation: Armour fits poorly on your strangely
                  | shaped body. [potion of mutation]
  2314 | Sewer    | Gained mutation: Potions are less effective at restoring
                  | your health. [potion of mutation]
  2314 | Sewer    | Gained mutation: You have supernaturally acute eyesight.
                  | (SInv) [potion of mutation]
  2314 | Sewer    | Killed a bullfrog
  2315 | Sewer    | Reached skill level 1 in Short Blades
  2315 | Sewer    | Reached XP level 5. HP: 5/36 MP: 2/8
  2319 | Sewer    | Slain by a bullfrog

Illustrated notes

Levels and vault maps discovered:
D:1:      minmay_arrival_three_doors, layout_loops_ring
D:2:      layout_loops_ring, serial_undead, serial_undead_d, serial_undead_b,
          serial_undead_e, serial_undead_a, serial_shops, shop,
          hellmonk_ecumenical_altar_lost_god
D:3:      layout_basic, gup_sewer_entry_glass, gammafunk_ghost_gnarly_gnolls,
          uniq_grinder, uniq_natasha
Sewer:    sewer_frog_island_02

Skill      XL: |  1  2  3  4 |
---------------+-------------+-----
Armour         | 1 |  1.6
Ice Magic      | 5 |  5.2
Unarmed Combat | 1 |  1.6
Short Blades   | 1 |  1.5
Dodging        | 3 |  3.0
Fighting       | |  0.5
Stealth        | |  2.6
Spellcasting   | |  2.5
Transmutations | |  0.8

Action                     |  1- 3 |  4- 6 || total
---------------------------+-------+-------++-------
  Melee: Unarmed           |    52 |       ||    52
         Short sword       |    38 |    41 ||    79
         Punch             |     1 |     1 ||     2
         Tailslap          |       |     2 ||     2
   Cast: Freeze            |    37 |    10 ||    47
         Frozen Ramparts   |     1 |    13 ||    14
         Beastly Appendage |       |     2 ||     2
    Use: Potion            |       |     3 ||     3
         Scroll            |       |     3 ||     3
   Stab: Sleeping          |     5 |     5 ||    10
 Armour: Leather armour    |    29 |    15 ||    44
         Robe              |     1 |       ||     1
  Dodge: Dodged            |    76 |    35 ||   111
